 Dungeon Crawl Stone Soup version 0.29.1-15-g9cfb28693d (webtiles) character file.

Game seed: 12213266373087080191

824 boopmooplesden the Slasher (level 7, -2/62 HPs)
             Began as a Minotaur Berserker on Mar 13, 2023.
             Was a Priest of Trog.
             Killed from afar by an orc wizard (5 damage)
             ... with a magic dart
             ... on level 5 of the Dungeon.
             The game lasted 00:06:19 (3938 turns).

boopmooplesden the Slasher (Minotaur Berserker)     Turns: 3938, Time: 00:06:20

Health: -2/62      AC:  2    Str: 20    XL:     7   Next: 64%
Magic:  6/6        EV: 14    Int:  4    God:    Trog [***...]
Gold:   287        SH:  0    Dex: 17    Spells: 6/6 levels left

rFire   . . .      SeeInvis .   a - +0 falchion
rCold   . . .      Faith    .   (no shield)
rNeg    . . .      Spirit   .   b - +1 animal skin
rPois   .          Reflect  .   (helmet restricted)
rElec   .          Harm     .   (no cloak)
rCorr   .          Rampage  .   (no gloves)
Will    .....                   (no boots)
Stlth   ++........              (no amulet)
HPRegen 0.20/turn               f - +6 ring of dexterity
MPRegen 0.10/turn               (no ring)

@: on berserk cooldown, slowed, very slow
A: horns 2, retaliatory headbutt, hooves 1, deformed body, weak 1, wild magic 1
a: Renounce Religion, Berserk, Trog's Hand


You were on level 5 of the Dungeon.
You worshipped Trog.
Trog was most pleased with you.
You visited 1 branch of the dungeon, and saw 5 of its levels.

You collected 287 gold pieces.

Inventory:

Hand Weapons
 a - a +0 falchion (weapon)
Missiles
 u - 5 boomerangs (quivered)
Armour
 b - a +1 animal skin (worn)
 i - a +0 chain mail
 n - a +0 chain mail
Jewellery
 f - a +6 ring of dexterity (left hand)
 r - an amulet of magic regeneration
Wands
 h - a wand of flame (16)
Scrolls
 c - a scroll of amnesia {unknown}
 e - 8 scrolls of identify {unknown}
 j - a scroll of silence {unknown}
 l - a scroll of enchant weapon {unknown}
 m - 3 scrolls of poison {unknown}
 o - a scroll of magic mapping {unknown}
 t - a scroll of blinking {unknown}
Potions
 d - 3 potions of mutation
 g - a potion of ambrosia {unknown}
 k - a potion of might {unknown}
 p - 2 potions of flight
 q - a potion of curing
 s - a potion of attraction {unknown}


   Skills:
 + Level 5.9 Fighting
 + Level 7.7 Long Blades
 + Level 2.8 Armour
 + Level 4.1 Dodging
 + Level 3.2 Stealth


You had 6 spell levels left.
You didn't know any spells.
Your spell library was empty.

Dungeon Overview and Level Annotations

Branches:
Dungeon (5/15)             Temple (0/1) D:4

Altars:
Xom


Innate Abilities, Weirdness & Mutations

You have a pair of horns on your head.
You reflexively headbutt those who attack you in melee.
You have large cloven feet.
Armour fits poorly on your strangely shaped body.
You are weak. (Str -2)
Your spells are a little harder to cast, but a little more powerful.


Message History

Trog accepts your kill.
Trog appreciates your killing of a magic user.
The orc hits you but does no damage. The orc closely misses you.
The ogre hits you with a +0 giant spiked club!!
* * * LOW HITPOINT WARNING * * *
Items here: ))) [ ††.
You barely miss the ogre. You kick the ogre! Your headbutt misses the ogre.
The ogre is heavily wounded.
You slash the ogre! You kick the ogre.
You kill the ogre!
Trog accepts your kill.
You are no longer berserk.
You are exhausted.
You feel yourself slow down.
The orc wizard points at you and mumbles some strange words.
You are confused.
The orc barely misses you.
Your Dodging skill increases to level 4!
The orc wizard gestures at you while chanting.
You are more confused.
The orc hits you from afar with a +0 trident.
* * * LOW HITPOINT WARNING * * *
You see here a +0 giant spiked club.
You're too confused to move!
The orc hits you from afar with a +0 trident.
* * * LOW HITPOINT WARNING * * *
The orc wizard hits you but does no damage.
The orc hits you from afar with a +0 trident.
* * * LOW HITPOINT WARNING * * *
You hit the orc wizard but do no damage.
The orc wizard hits you with a +0 dagger.
* * * LOW HITPOINT WARNING * * *
The orc misses you.
It was a potion of curing.
You feel better.
The orc hits you from afar with a +0 trident.
* * * LOW HITPOINT WARNING * * *
The orc wizard points at you and mumbles some strange words.
The magic dart hits you.
You die...

... #... ## ... ...# .#
.... ..##.+####
#...###.#...#<@#######
#..........###o......#
.#..........#...o......
..........<............
#......................
.......................
.......................
..$...........#........
......o...##...........


You could see an orc wizard and an orc.

Vanquished Creatures
  A black bear (D:5)
  2 ogres
  A phantom (D:3)
  3 scorpions
  A howler monkey (D:4)
  2 hounds (D:4)
  An orc priest (D:5)
  An orc wizard (D:5)
  7 adders
  6 worms
  5 dart slugs
  3 orcs
  7 endoplasms
  3 giant cockroaches (D:2)
  3 goblins
  8 hobgoblins
  3 jackals (D:2)
  7 kobolds
  5 quokkas
  4 ball pythons
  2 bats
  3 frilled lizards
  7 rats
85 creatures vanquished.

Notes
Turn   | Place    | Note
-------+----------+-------------------------------------------
     0 | D:1      | boopmooplesden the Minotaur Berserker began the quest for
                  | the Orb.
     0 | D:1      | Reached XP level 1. HP: 19/19 MP: 0/0
   108 | D:1      | Found a faded altar of an unknown god.
   292 | D:1      | Reached skill level 4 in Long Blades
   295 | D:1      | Reached XP level 2. HP: 22/27 MP: 1/1
   749 | D:2      | Reached ** piety under Trog
   933 | D:2      | Reached XP level 3. HP: 33/33 MP: 2/2
  1771 | D:3      | Reached skill level 5 in Long Blades
  1920 | D:3      | Reached XP level 4. HP: 19/40 MP: 3/3
  1950 | D:3      | Gained mutation: You are weak. (Str -2) [potion of
                  | mutation]
  1950 | D:3      | Gained mutation: Your spells are a little harder to cast,
                  | but a little more powerful. [potion of mutation]
  1950 | D:3      | Gained mutation: Armour fits poorly on your strangely
                  | shaped body. [potion of mutation]
  1950 | D:3      | Gained mutation: You have large cloven feet. [potion of
                  | mutation]
  2282 | D:3      | Noticed a phantom
  2288 | D:3      | Killed a phantom
  2289 | D:3      | Reached skill level 1 in Stealth
  2289 | D:3      | Reached XP level 5. HP: 47/47 MP: 4/4
  2748 | D:4      | Reached skill level 6 in Long Blades
  2798 | D:4      | Reached *** piety under Trog
  2819 | D:4      | Reached skill level 5 in Fighting
  2819 | D:4      | Reached XP level 6. HP: 41/56 MP: 5/5
  2992 | D:4      | Found a shimmering altar of Xom.
  3291 | D:4      | Found a staircase to the Ecumenical Temple.
  3461 | D:4      | Reached skill level 7 in Long Blades
  3844 | D:5      | Entered Level 5 of the Dungeon
  3846 | D:5      | Reached XP level 7. HP: 61/61 MP: 6/6
  3937 | D:5      | HP: 2/62 [orc wizard/+0 dagger (4)]
  3938 | D:5      | Killed from afar by an orc wizard

Illustrated notes

Levels and vault maps discovered:
D:1:      dpeg_arrival_round_c, layout_basic,
          shapermc_ecumenical_altar_starsandcircs, minmay_misc_feat_columns
D:2:      minmay_inner_zag, layout_basic, roderic_lattice_a, minmay_octomino_j4
D:3:      layout_basic
D:4:      layout_rooms, tgw_xom, minmay_temple_entry_tees
D:5:      layout_cave_pools, mainiacjoe_overflow_swirl,
          okawaru_ov_weapons_minmay

Skill      XL: |  1  2  3  4  5  6  7 |
---------------+----------------------+-----
Long Blades    | 4 5 6 7 |  7.7
Fighting       | 4 5 |  5.9
Stealth        | 1 2 3 |  3.2
Dodging        | 3 4 |  4.1
Armour         | |  2.8

Action                   |  1- 3 |  4- 6 |  7- 9 || total
-------------------------+-------+-------+-------++-------
Melee: Falchion          |    79 |    85 |    16 ||   180
       Headbutt          |    14 |     9 |     2 ||    25
       Punch             |     1 |     2 |       ||     3
       Kick              |       |    25 |     6 ||    31
Invok: Berserk           |       |     2 |     1 ||     3
  Use: Scroll            |     1 |       |       ||     1
       Potion            |       |     5 |     1 ||     6
 Stab: Sleeping          |     5 |     6 |       ||    11
Armor: Animal skin       |    18 |     9 |     4 ||    31
Dodge: Dodged            |    60 |    46 |    11 ||   117
